 Dungeon Crawl Stone Soup version 0.13-a0-2350-g4422b0a (webtiles) character file.

237 4tharraofdagon the Firebug (level 4, -1/33 HPs)
             Began as a Draconian Fire Elementalist on July 11, 2013.
             Was an Initiate of Ashenzari.
             Slain by an ogre
             ... wielding a +0,+0 giant spiked club
              (22 damage)
             ... on Level 5 of the Dungeon.
             The game lasted 00:10:25 (1244 turns).

4tharraofdagon the Firebug (DrFE)                   Turns: 1244, Time: 00:10:25

HP  -1/33        AC  7     Str 10      XL: 4   Next: 58%
MP   0/7         EV 12     Int 16      God: Ashenzari [......]
Gold 129         SH  0     Dex 12      Spells:  2 memorised,  2 levels left

Res.Fire  : . . .   See Invis. : .   (no weapon)
Res.Cold  : . . .   Warding    : .   (armour unavailable)
Life Prot.: . . .   Conserve   : .   (no shield)
Res.Poison: .       Res.Corr.  : .   (helmet restricted)
Res.Elec. : .       Clarity    : .   g - +0 cloak
Sust.Abil.: . .     Spirit.Shd : .   o - +0 pair of gauntlets
Res.Mut.  : .       Stasis     : .   (no boots)
Res.Rott. : .       Flight     : .   (no amulet)
Saprovore : . . .                    (no ring)
                                     j - ring of protection from magic {unknown}

@: very slightly contaminated, somewhat resistant to hostile enchantments,
unstealthy
A: unfitting armour, AC +5
a: Renounce Religion


You were on level 5 of the Dungeon.
You worshipped Ashenzari.
Ashenzari was noncommittal.
You were very hungry.

You visited 2 branches of the dungeon, and saw 7 of its levels.

You collected 109 gold pieces.

Inventory:

Armour
 f - a +1 plumed helmet
 g - a +0 cloak (worn)
 o - a +0 pair of gauntlets (worn)
Comestibles
 c - 4 bread rations
 d - a slice of pizza
 p - a rotting chunk of rat flesh
Scrolls
 a - a scroll of enchant weapon II {unknown}
 e - a scroll of remove curse
 i - a scroll of amnesia {unknown}
 k - a scroll of identify
 n - a scroll of curse jewellery
 q - a scroll of fog {unknown}
 r - a scroll of blinking {unknown}
Jewellery
 j - a ring of protection from magic (left hand) {unknown}
Potions
 h - a potion of curing
 l - a potion of restore abilities
 u - a potion of magic {unknown}
Books
 b - a book of Flames

   Spells                             Type                      Level
   *Flame Tongue                      Conjuration/Fire             1
   Throw Flame                        Conjuration/Fire             2
   *Conjure Flame                     Conjuration/Fire             3
   Inner Flame                        Hexes/Fire                   3
   Sticky Flame                       Conjuration/Fire             4
   Fireball                           Conjuration/Fire             5
Miscellaneous
 t - a plain deck of changes


   Skills:
 - Level 1.7 Dodging
 - Level 1.7 Stealth
 + Level 1.7 Spellcasting
 * Level 3.0 Conjurations
 * Level 4.1 Fire Magic


You had 2 spell levels left.
You knew the following spells:

 Your Spells              Type           Power        Failure   Level  Hunger
a - Flame Tongue          Conj/Fire      ##...        6%          1    ##.....
b - Conjure Flame         Conj/Fire      ##......     14%         3    ####...


Dungeon Overview and Level Annotations

Branches:
Dungeon (6/27)             Temple (1/1) D:4
    Orc: D:6-11

Altars:
Ashenzari
Cheibriados
Kikubaaqudgha
Nemelex Xobeh
Okawaru
Xom
Yredelemnul
Zin

Shops:
D:4: ( D:5: *}?[


Message History

Aim: an ogre, wielding a giant spiked club (heavily wounded)
You throw an uncursed orcish vampiric dagger.
The uncursed orcish vampiric dagger hits the ogre.
The ogre is severely wounded.
There is a stone staircase leading up here.
Casting: Flame Tongue
Confirm with . or Enter, or press ? or * to list all spells.
Aiming: Flame Tongue
Press: ? - help, Shift-Dir - straight line, f/p - ogre
Aim: an ogre, wielding a giant spiked club (heavily wounded)
The flame hits the ogre.
The ogre is severely wounded.
You hit the ogre.
The ogre is severely wounded.
The ogre hits you with a giant spiked club!
You hit the ogre.
The ogre is severely wounded.
The ogre hits you with a giant spiked club!
Ouch! That really hurt!
You die...

# #.# #...... ... #.#
#...... +#.# #.# #...o%.
..# #.# #<####. .. ..#
#.#####.# #. .# #.#
#.......# #. .# #.#
#.......# #o .#
#.###########.......####.
.#
#.<....O@................
.#
#.########...............
.# #.# #...............
.########.#
#...⌠.⌠.........
...)......#
#....∩..........
..#####...#
#∩..⌠.⌠.######## ..#
#...# #.......# . ..#
#...########.......# .
..+ #........<.........#
#.


You could see an ogre.

Vanquished Creatures
  A worker ant (D:5)
  An ogre skeleton (D:4)
  3 adders
  A giant mite (D:5)
  2 giant geckos
  4 orcs (D:5)
  2 goblins
  4 hobgoblins
  A quokka (D:2)
  4 bats
  2 giant cockroaches
  A giant newt (D:2)
  3 kobolds
  2 rats
31 creatures vanquished.

Notes
Turn   | Place    | Note
--------------------------------------------------------------
     0 | D:1      | 4tharraofdagon, the Draconian Fire Elementalist, began the quest for the Orb.
     0 | D:1      | Reached XP level 1. HP: 14/14 MP: 3/3
   149 | D:2      | Found a glowing silver altar of Zin.
   193 | D:2      | Reached XP level 2. HP: 17/20 MP: 1/4
   472 | D:2      | HP: 1/20 [adder (1)]
   477 | D:2      | Reached XP level 3. HP: 24/26 MP: 1/6
   587 | D:4      | Found Klomujav's Antique Weapon Emporium.
   634 | D:3      | Learned a level 3 spell: Conjure Flame
   715 | D:5      | Entered Level 5 of the Dungeon
   715 | D:5      | Found Thraret's Antique Armour Boutique.
   744 | D:6      | Noticed an ogre
   781 | D:5      | Reached XP level 4. HP: 31/33 MP: 2/7
   792 | D:5      | Reached skill level 4 in Fire Magic
   880 | D:5      | Found Trygoomu's Magic Scroll Emporium.
   991 | D:4      | Found a staircase to the Ecumenical Temple.
  1001 | Temple   | Entered the Ecumenical Temple
  1036 | Temple   | Became a worshipper of Ashenzari the Shackled
  1070 | D:5      | Noticed an ogre
  1097 | D:5      | Found Yngisof's Gadget Shop.
  1175 | D:5      | Found a sparkling altar of Nemelex Xobeh.
  1202 | D:5      | Found Ennasetz's Assorted Antiques.
  1244 | D:5      | Slain by an ogre

Action                   |  1- 3 |  4- 6 || total
-------------------------+-------+-------++-------
Melee: Unarmed           |    28 |    54 ||    82
Throw: Dagger            |       |     1 ||     1
 Cast: Flame Tongue      |    39 |    18 ||    57
       Conjure Flame     |     1 |     1 ||     2
  Use: Potion            |     4 |       ||     4
       Scroll            |     2 |       ||     2
